 Dungeon Crawl Stone Soup version 0.29.0-11-gd7f09526c8 (webtiles) character file.

Game seed: 2432406422689513313

1974 ketsa the Destroyer (level 9, -6/45 HPs)
             Began as a Deep Elf Conjurer on Sept 5, 2022.
             Was a High Priest of Elyvilon.
             Shot with a sling bullet by Joseph (16 damage)
             ... on level 7 of the Dungeon.
             The game lasted 00:22:57 (9760 turns).

ketsa the Destroyer (Deep Elf Conjurer)             Turns: 9760, Time: 00:22:58

Health: -6/45      AC:  4    Str:  4    XL:     9   Next: 0%
Magic:  2/23       EV: 13    Int: 28    God:    Elyvilon [*****.]
Gold:   245        SH:  0    Dex: 19    Spells: 16/25 levels left

rFire   . . .      SeeInvis .   h - +3 short sword (freeze)
rCold   . . .      Faith    .   (no shield)
rNeg    . . .      Spirit   .   A - +0 robe
rPois   .          Reflect  .   (no helmet)
rElec   .          Harm     .   D - +1 cloak
rCorr   .          Rampage  .   (no gloves)
Will    ++...                   (no boots)
Stlth   ++........              (no amulet)
HPRegen 0.15/turn               u - ring of the Tarantula {Wiz Will++}
MPRegen 0.18/turn               B - +6 ring of dexterity

@: about to teleport
A: no striking features
a: Renounce Religion, Purification, Heal Other, Heal Self, Divine Vigour


You were on level 7 of the Dungeon.
You worshipped Elyvilon.
Elyvilon was extremely pleased with you.
You visited 2 branches of the dungeon, and saw 8 of its levels.

You collected 491 gold pieces.
You spent 246 gold pieces at shops.

Inventory:

Hand Weapons
 d - a +0 short sword of protection
 h - a +3 short sword of freezing (weapon)
Missiles
 t - 12 boomerangs
 z - 3 silver boomerangs
Armour
 a - a +0 robe
 c - an orb of energy
 A - a +0 robe (worn)
 D - a +1 cloak (worn)
Jewellery
 u - the ring of the Tarantula (left hand) {Wiz Will++}
   (You bought it in a shop on level 4 of the Dungeon)

   [ring of wizardry]

   It improves your spell success rate.
   Will:      It greatly increases your willpower.
 B - a +6 ring of dexterity (right hand)
 G - a +4 ring of protection
 K - a ring of wizardry
Wands
 F - a wand of flame (18)
Scrolls
 g - a scroll of fear
 i - a scroll of butterflies
 j - a scroll of immolation
 m - a scroll of identify
Potions
 b - a potion of magic
 e - 3 potions of flight
 f - 3 potions of heal wounds
 k - a potion of degeneration {unknown}
 l - 2 potions of lignification
 n - 4 potions of might
 o - 5 potions of curing
 r - a potion of berserk rage
 s - a potion of brilliance
 v - a potion of invisibility
 I - a potion of mutation {unknown}


   Skills:
 - Level 2.4 Dodging
 - Level 2.4 Stealth
 + Level 8.8 Spellcasting
 * Level 10.8 Conjurations
 - Level 5.0 Hexes


You had 16 spell levels left.
You knew the following spells:

 Your Spells              Type           Power      Damage    Failure   Level
a - Magic Dart            Conj           100%       1d8       1%          1
b - Searing Ray           Conj           100%       2d8       1%          2
c - Static Discharge      Conj/Air       42%        3-9/arc   1%          2
d - Fulminant Prism       Conj/Hex       27%        3d14      1%          4

Your spell library contained the following spells:

 Spells                   Type           Power      Damage    Failure   Level
 Ensorcelled Hibernation  Hex/Ice        52%        N/A       1%          2
 Dazzling Flash           Conj/Hex       100%       N/A       1%          3
 Iskenderun's Mystic Bla  Conj/Tloc      42%        2d10      1%          4
 Sticky Flame             Conj/Fire      42%        2d6       1%          4
 Cause Fear               Hex            20%        N/A       2%          4
 Spider Form              Tmut/Pois      12%        N/A       6%          3
 Anguish                  Hex/Necr       13%        N/A       6%          4
 Dispel Undead            Necr           12%        3d9       17%         4
 Dragon Form              Tmut           6%         N/A       100%        7
 Dragon's Call            Summ           6%         N/A       100%        9


Dungeon Overview and Level Annotations

Branches:
Dungeon (7/15)             Temple (1/1) D:5

Altars:
Cheibriados
Elyvilon
Fedhas
Gozag
Hepliaklqana
Kikubaaqudgha
Makhleb
Nemelex Xobeh
Okawaru
Qazlal
Ru
Sif Muna
Trog
Vehumet
Wu Jian
Xom
Yredelemnul
Zin
The Shining One

Shops:
D:4 *(=*[

Annotations:
D:7 Joseph


Message History

Your fulminant prism crackles loudly.
Your fulminant prism explodes!
Casting: Fulminant Prism (dangerous; 1% risk of failure)
Confirm with . or Enter, or press ? or * to list all spells.
Aiming: Fulminant Prism (dangerous; 1% risk of failure)
Press: ? - help, Dir - move target You conjure a prism of explosive energy!
A fulminant prism comes into view.
Joseph shoots a sling bullet.
The sling bullet hits your fulminant prism.
Your fulminant prism crackles loudly.
Your fulminant prism explodes!
Casting: Fulminant Prism (dangerous; 1% risk of failure)
Confirm with . or Enter, or press ? or * to list all spells.
Aiming: Fulminant Prism (dangerous; 1% risk of failure)
Press: ? - help, Dir - move target You conjure a prism of explosive energy!
A fulminant prism comes into view.
Your fulminant prism crackles loudly.
Joseph shoots a sling bullet.
The sling bullet hits your fulminant prism.
Your fulminant prism explodes!
Casting: Fulminant Prism (dangerous; 1% risk of failure)
Confirm with . or Enter, or press ? or * to list all spells.
Aiming: Fulminant Prism (dangerous; 1% risk of failure)
Press: ? - help, Dir - move target You conjure a prism of explosive energy!
A fulminant prism comes into view.
Joseph shoots a sling bullet.
The sling bullet hits your fulminant prism!!
Your fulminant prism detonates feebly.
Casting: Fulminant Prism (dangerous; 1% risk of failure)
Confirm with . or Enter, or press ? or * to list all spells.
You don't have enough magic to cast this spell.
Joseph shoots a sling bullet.
The sling bullet hits you!
* * * LOW HITPOINT WARNING * * *
As you read the scroll of teleportation, it crumbles to dust.
You feel strangely unstable.
Joseph shoots a sling bullet.
The sling bullet hits you!
You die...

...# ...# ...# ...# ...#
########## ...#
#........# #
.#.#########........##.#
...........'......†...>#
...#########....@...#..#
..... ###..........
...... #..........
..........## #..........
............ +..........
...........# #..@.!....!
##.........# #..........
e........###..........
........................


You could see Joseph.

Vanquished Creatures
  Sigmund (D:6)
  A steam dragon (D:6)
  Duvessa (D:7)
  2 black bears
  2 centaurs
  4 phantoms
  Blork the orc (D:4)
  A bullfrog (D:6)
  2 scorpions (D:5)
  2 necrophages
  Dowan (D:7)
  A howler monkey (D:6)
  A hound (D:4)
  An orc priest (D:7)
  A jelly (D:5)
  2 iguanas
  An orc wizard (D:7)
  4 gnolls (D:3)
  9 adders
  2 shadow imps (D:6)
  A white imp (D:7)
  An ufetubus (D:6)
  A dart slug (D:1)
  25 orcs
  2 bats
  7 endoplasms
  2 giant cockroaches
  5 goblins
  8 hobgoblins
  4 jackals (D:2)
  4 quokkas
  6 ball pythons
  4 frilled lizards
  6 kobolds
  4 rats
120 creatures vanquished.

Vanquished Creatures (collateral kills)
  An ice beast (D:6)
1 creature vanquished.

Vanquished Creatures (others)
  24 fulminant prisms
  11 plants
  6 withered plants (D:4)
41 creatures vanquished.

Grand Total: 162 creatures vanquished

Notes
Turn   | Place    | Note
-------+----------+-------------------------------------------
     0 | D:1      | ketsa the Deep Elf Conjurer began the quest for the Orb.
     0 | D:1      | Reached XP level 1. HP: 10/10 MP: 6/6
   523 | D:1      | Found a faded altar of an unknown god.
   608 | D:1      | Reached XP level 2. HP: 15/15 MP: 6/8
   981 | D:1      | Prayed at the altar of an unknown god.
   981 | D:1      | Became a worshipper of Elyvilon the Healer
   981 | D:1      | Reached * piety under Elyvilon
  1017 | D:2      | You fall into a shaft and drop 1 floor!
  1061 | D:3      | Noticed a black bear
  1066 | D:3      | Learned a level 2 spell: Searing Ray
  1103 | D:2      | Reached skill level 5 in Conjurations
  1300 | D:2      | Reached XP level 3. HP: 19/19 MP: 8/10
  1310 | D:2      | Reached skill level 1 in Hexes
  1573 | D:2      | Reached ** piety under Elyvilon
  2385 | D:3      | Reached XP level 4. HP: 24/24 MP: 10/12
  3092 | D:3      | Reached *** piety under Elyvilon
  3143 | D:3      | Found a shimmering altar of Xom.
  3322 | D:4      | Found Munedis's Jewellery Shoppe.
  3334 | D:4      | Found a bloodstained altar of Trog.
  3347 | D:4      | Reached XP level 5. HP: 28/28 MP: 8/13
  3424 | D:4      | Found Soxug's Assorted Antiques.
  3432 | D:4      | Bought a flickering turquoise ring for 140 gold pieces
  3432 | D:4      | Identified the ring of the Tarantula {Wiz Will++} (You
                  | bought it in a shop on level 4 of the Dungeon)
  3435 | D:4      | Bought a fuming blue potion for 25 gold pieces
  3435 | D:4      | Bought a blue potion for 25 gold pieces
  3537 | D:4      | Reached skill level 6 in Conjurations
  3550 | D:4      | Noticed a phantom
  3557 | D:4      | Killed a phantom
  3627 | D:4      | Reached skill level 5 in Spellcasting
  3627 | D:4      | Reached XP level 6. HP: 32/32 MP: 7/15
  3778 | D:4      | Found a blossoming altar of Fedhas.
  3784 | D:4      | Found an ancient bone altar of Kikubaaqudgha.
  3802 | D:4      | Found Tecydesch's General Store.
  3810 | D:4      | Bought a scroll of identify for 28 gold pieces
  3810 | D:4      | Bought a scroll of identify for 28 gold pieces
  3816 | D:4      | Found Rumuh's Weapon Shop.
  3860 | D:4      | Found a glowing silver altar of Zin.
  3883 | D:4      | Noticed Blork the orc
  3901 | D:4      | Killed Blork the orc
  4006 | D:4      | Reached skill level 7 in Conjurations
  4135 | D:4      | Found Guerul's Antique Armour Emporium.
  4733 | D:3      | Learned a level 2 spell: Static Discharge
  4740 | D:3      | Reached XP level 7. HP: 36/36 MP: 9/17
  4861 | D:5      | Entered Level 5 of the Dungeon
  5067 | D:5      | Found a stormy altar of Qazlal.
  5067 | D:5      | Found a glowing golden altar of the Shining One.
  5090 | D:5      | Reached skill level 8 in Conjurations
  5090 | D:5      | Reached skill level 5 in Hexes
  5193 | D:5      | Found a white marble altar of Elyvilon.
  5305 | D:5      | Reached **** piety under Elyvilon
  5366 | D:5      | Found a staircase to the Ecumenical Temple.
  5635 | D:5      | Found a sparkling altar of Nemelex Xobeh.
  6279 | Temple   | Entered the Ecumenical Temple
  6477 | D:6      | Reached XP level 8. HP: 28/41 MP: 14/20
  6711 | D:6      | Noticed Sigmund
  6978 | D:6      | Elyvilon protects you from harm!
  7413 | D:6      | Learned a level 4 spell: Fulminant Prism
  7635 | D:6      | Reached ***** piety under Elyvilon
  8196 | D:6      | Killed Sigmund
  8197 | D:6      | Reached skill level 9 in Conjurations
  8505 | D:7      | Noticed Joseph
  8649 | D:7      | Elyvilon protects you from harm!
  8650 | D:7      | Found a burning altar of Makhleb.
  9155 | D:7      | Reached skill level 10 in Conjurations
  9461 | D:7      | Noticed Duvessa
  9462 | D:7      | Noticed Dowan
  9464 | D:7      | Killed Dowan
  9467 | D:7      | Killed Duvessa
  9706 | D:7      | Reached XP level 9. HP: 45/45 MP: 17/23
  9760 | D:7      | Shot with a sling bullet by Joseph

Illustrated notes

Levels and vault maps discovered:
D:1:      giann_forest_graveyard, layout_loops_ring,
          dreamdust_ecumenical_altar_angels_and_demons, corexii_hall_statues_i,
          columned_hall_lemuel, serial_bayou_lagoon_a
D:2:      layout_basic
D:3:      layout_loops_ring, nicolae_overflow_hidden_temple, minmay_box_of_dots
D:4:      layout_loops_ring, grunt_temple_overflow_growth_and_decay,
          mainiacjoe_overflow_concentric_impassable, zin_treasury, serial_shops,
          shop, nicolae_stop_n_shop_1, nicolae_shop_bloodbath_and_beyond, shop,
          nicolae_shop_trees, uniq_blork_the_orc, uniq_crazy_yiuf_cottage
D:5:      layout_basic, nemelex_xobeh_ov_fountains_minmay,
          gammafunk_temple_overflow_wave, mainiacjoe_overflow_boulevard,
          temple_green, serial_park_tiny_pond
D:6:      layout_loops_ring, uniq_sigmund
D:7:      layout_basic, old_standard_altar, uniq_duvessa, uniq_joseph
Temple:   nicolae_temple_figure_zero

Skill      XL: |  1  2  3  4  5  6  7  8 |
---------------+-------------------------+-----
Conjurations   | 5 6 7 8 10 | 10.8
Hexes          | 1 2 3 4 5 |  5.0
Spellcasting   | 4 5 7 8 |  8.8
Dodging        | |  2.4
Stealth        | |  2.4

Action                   |  1- 3 |  4- 6 |  7- 9 || total
-------------------------+-------+-------+-------++-------
Melee: Short sword       |       |       |     1 ||     1
 Cast: Magic Dart        |    75 |    76 |    72 ||   223
       Searing Ray       |       |     4 |    19 ||    23
       Fulminant Prism   |       |       |    24 ||    24
Invok: Heal Other        |       |       |     2 ||     2
Evoke: Wand              |       |       |     3 ||     3
  Use: Scroll            |     1 |     9 |    16 ||    26
Armor: Robe              |     3 |       |     9 ||    12
Dodge: Dodged            |     8 |     5 |    19 ||    32
